 Dungeon Crawl Stone Soup version 0.24-a0-446-g87df7205b4 (webtiles) character file.

Game seed: 8432518729297003694

74 Gargoyl the Skirmisher (level 4, 0/38 HPs)
             Began as a Centaur Abyssal Knight on June 24, 2019.
             Was a Follower of Lugonu.
             Slain by Sigmund
             ... wielding a +0 scythe
              (5 damage)
             ... on level 2 of the Dungeon.
             The game lasted 00:03:49 (3387 turns).

Gargoyl the Skirmisher (Centaur Abyssal Knight)     Turns: 3387, Time: 00:03:50

Health: 0/38       AC:  8    Str: 15    XL:     4   Next: 9%
Magic:  5/5        EV:  4    Int: 11    God:    Lugonu [*.....]
Gold:   85         SH:  5    Dex:  9    Spells: 3/3 levels left

rFire    . . .     SeeInvis .   a - +1 hand axe
rCold    . . .     Gourm    .   f - +2 buckler
rNeg     . . .     Faith    .   k - +0 chain mail
rPois    .         Spirit   .   (no helmet)
rElec    .         Reflect  .   (no cloak)
rCorr    .         Harm     .   d - +0 pair of gloves
MR       .....                  (no barding)
Stlth    ..........             (no amulet)
HPRegen  0.12/turn              (no ring)
MPRegen  0.09/turn              (no ring)

@: very quick
A: large, hooves 3, deformed body, speed 2, tough skin 3
a: Depart the Abyss, Renounce Religion


You were on level 2 of the Dungeon.
You worshipped Lugonu.
Lugonu was aware of your devotion.
You were not hungry.

You visited 1 branch of the dungeon, and saw 3 of its levels.
You visited the Abyss 1 time.

You collected 85 gold pieces.

Inventory:

Hand Weapons
 a - a +1 hand axe (weapon)
Armour
 d - a +0 pair of gloves (worn)
 f - a +2 buckler (worn)
 k - a +0 chain mail (worn)
Scrolls
 b - 3 scrolls of remove curse
 g - a scroll of magic mapping
 h - a scroll of identify
Potions
 e - a potion of cancellation
 j - 2 potions of curing
 m - a potion of ambrosia {unknown}
 o - a potion of flight {unknown}
Comestibles
 c - 7 rations


   Skills:
 + Level 3.5 Fighting
 + Level 2.1 Axes
 * Level 2.0 Armour
 + Level 1.1 Dodging
 * Level 0.4 Shields
 * Level 2.5 Invocations


You had 3 spell levels left.
You didn't know any spells.
Your spell library contained the following spells:

 Spells                   Type           Power        Failure   Level  Hunger
 Animate Skeleton         Necr           N/A          100%        1    ##.....
 Apportation              Tloc           #.....       100%        1    ##.....
 Confusing Touch          Hex            #.....       100%        1    ##.....
 Summon Small Mammal      Summ           #...         100%        1    ##.....


Dungeon Overview and Level Annotations

Branches:
Dungeon (3/15)

Altars:

Annotations:
D:2 Sigmund
D:3 Jessica


Innate Abilities, Weirdness & Mutations

You have hooves in place of feet.
Armour fits poorly on your strangely shaped body.
You cover ground very quickly.
You have extremely tough skin. (AC +3)


Message History

There is a stone staircase leading down here.
A magic dart appears from out of thin air!
Deactivating autopickup; reactivate with Ctrl-A.
The magic dart hits you!
It was a potion of cancellation.
You feel magically purged.
It was a potion of heal wounds.
You feel much better. Something hits you!
You hit something but do no damage. You kick something.
Something hits you but does no damage.
You hit something. Your kick misses something. Something completely misses you.
You hit something. Something hits you!
You barely miss something. Your kick misses something. Something hits you.
You closely miss something. Your kick misses something.
You hit something but do no damage. You kick something.
You hear some strange, mumbled words.
A puff of flame appears from out of thin air!
The puff of flame hits you!
* * * LOW HITPOINT WARNING * * *
Something hits you.
You die...

##.###....#.#######.# #.....
............# #####.###########..
##..........# #...........# #..
#######.#### #.##..#.###.# #.# ##
#.# #.##..#.# #.# #.# .# #.#
#.##.{#.###.# #.# .# ##+##
#.##.>...##.# #.# .# ##...##
#.##.##..##.# ###.# .# ##.....##
#.@{.....##.# #...# .#
##.......######.###.##^# #.##.
####.........####.........###.#..
...+.........'...................
####.........####.........###.#..
# ##.......## ##..#####.###.##. #
##.....## ##.# #.#...... #
##...## #.# #.#....## # ##+## #.#
#.#.....#


There were no monsters in sight!

Vanquished Creatures
  3 adders (D:2)
  3 worms (D:2)
  3 leopard geckos
  A giant cockroach (D:2)
  4 goblins (D:2)
  7 hobgoblins
  6 kobolds
  A quokka (D:2)
  A ball python (D:1)
  2 frilled lizards
  3 rats
34 creatures vanquished.

Notes
Turn   | Place    | Note
-------+----------+-------------------------------------------
     0 | Abyss:1  | Gargoyl the Centaur Abyssal Knight began the quest for the
                  | Orb.
     0 | Abyss:1  | Reached XP level 1. HP: 19/19 MP: 2/2
    99 | Abyss:2  | Found a corrupted altar of Lugonu.
   134 | Abyss:2  | Found a corrupted altar of Lugonu.
   139 | Abyss:2  | Noticed a black mamba simulacrum
   154 | Abyss:2  | Noticed a bone dragon
   156 | D:1      | Escaped the Abyss
  1092 | D:1      | Reached XP level 2. HP: 21/26 MP: 3/3
  1258 | D:1      | Reached * piety under Lugonu
  1417 | D:2      | Found a faded altar of an unknown god.
  1638 | D:2      | Reached skill level 1 in Dodging
  1859 | D:2      | Reached XP level 3. HP: 28/31 MP: 4/4
  2859 | D:2      | Reached XP level 4. HP: 13/38 MP: 5/5
  3358 | D:3      | Noticed Sigmund
  3358 | D:3      | Noticed Jessica
  3387 | D:2      | Slain by Sigmund

Levels and vault maps discovered:
D:1:      nicolae_arrival_somewhat_less_tricky_arrival, layout_basic,
          roderic_lattice_a
D:2:      layout_loops_corners, chequers_ecumenical_altar_simple_redux
D:3:      layout_loops_ring, uniq_sigmund, uniq_crazy_yiuf_cottage, uniq_jessica

Skill      XL: |  1  2  3 |
---------------+----------+-----
Dodging        | 1 |  1.1
Axes           | 2 |  2.1
Armour         | 2 |  2.0
Fighting       | |  3.5
Shields        | |  0.4
Invocations    | |  2.5

Action                   |  1- 3 |  4- 6 || total
-------------------------+-------+-------++-------
Melee: Hand axe          |   116 |    11 ||   127
       Kick              |    20 |     3 ||    23
Invok: Depart the Abyss  |     1 |       ||     1
  Use: Scroll            |     7 |       ||     7
       Potion            |       |     2 ||     2
  Eat: Chunk             |     4 |     2 ||     6
Armor: Leather armour    |    32 |       ||    32
       Chain mail        |    20 |     5 ||    25
Dodge: Dodged            |    37 |     2 ||    39
Block: Buckler           |    18 |     1 ||    19

Table legend:
 A = Non-vault XP
 B = Vault XP
 C = Vault XP percentage of total XP
 D = Non-vault monster count
 E = Vault monster count
 F = Vault count percentage of total count
                 A         B        C        D         E       F
            +---------+---------+-------+---------+---------+-------
      Total |     106 |       0 |   0.0 |      34 |       0 |   0.0
            +---------+---------+-------+---------+---------+-------
        D:1 |      16 |       0 |   0.0 |      10 |       0 |   0.0
        D:2 |      90 |       0 |   0.0 |      24 |       0 |   0.0
            +---------+---------+-------+---------+---------+-------
